 Dungeon Crawl Stone Soup version 0.27-a0-1065-ge809cff456 (webtiles) character file.

Game seed: 11776452135287086507

65 kae the Ruffian (level 3, -5/29 HPs)
             Began as a Draconian Transmuter on Apr 22, 2021.
             Splashed by Ijyb's acid (9 damage)
             ... on level 3 of the Dungeon.
             The game lasted 00:00:57 (2248 turns).

kae the Ruffian (Draconian Transmuter)              Turns: 2248, Time: 00:00:58

Health: -5/29      AC:  2    Str: 12    XL:     3   Next: 92%
Magic:  3/6        EV: 19    Int: 14    God:
Gold:   75         SH:  0    Dex: 16    Spells: 2/6 levels left

rFire    . . .     SeeInvis .     - Unarmed
rCold    . . .     Faith    .   (shield currently unavailable)
rNeg     . . .     Spirit   .   (armour unavailable)
rPois    x         Reflect  .   (helmet currently unavailable)
rElec    .         Harm     .   (cloak currently unavailable)
rCorr    .         Rampage  .   (gloves currently unavailable)
Will     .....                  (boots currently unavailable)
Stlth    +.........             (no amulet)
HPRegen  0.09/turn              (no ring)
MPRegen  0.10/turn              (no ring)

@: spider-form (expiring)
A: venomous fangs, AC +5, tiny, unfitting armour, (cold-blooded)
a: End Transformation


You were on level 3 of the Dungeon.
You were a venomous arachnid creature.
You visited 1 branch of the dungeon, and saw 3 of its levels.

You collected 75 gold pieces.

Inventory:

Scrolls
 b - a scroll of fog
 d - 2 scrolls of immolation {unknown}
 e - 2 scrolls of identify
 g - 4 scrolls of blinking
 j - a scroll of fear {unknown}
 k - a scroll of vulnerability {unknown}
Potions
 a - 2 potions of haste
 c - a potion of invisibility {unknown}
 f - a potion of curing {unknown}
 h - 2 potions of cancellation {unknown}
 i - a potion of might {unknown}


   Skills:
 + Level 1.6 Fighting
 + Level 2.1 Dodging
 * Level 3.4 Unarmed Combat
 + Level 2.3 Spellcasting
 * Level 3.1 Transmutations
 * Level 0.3 Poison Magic


You had 2 spell levels left.
You knew the following spells:

 Your Spells              Type           Power      Damage    Failure   Level
a - Beastly Appendage     Tmut           20%        N/A       17%         1
b - Spider Form           Tmut/Pois      3%         N/A       56%         3

Your spell library contained the following spells:

 Spells                   Type           Power      Damage    Failure   Level
 Wereblood                Tmut           10%        N/A       24%         2
 Animate Skeleton         Necr           2%         N/A       45%         1
 Pain                     Necr           4%         1d4       45%         1
 Vampiric Draining        Necr           0%         2d6       77%         3
 Ice Form                 Ice/Tmut       5%         N/A       90%         4
 Hydra Form               Tmut           5%         N/A       96%         5
 Animate Dead             Necr           0%         N/A       98%         4
 Agony                    Necr           1%         N/A       100%        5


Dungeon Overview and Level Annotations

Branches:
Dungeon (3/15)

Altars:

Shops:
D:2 [

Annotations:
D:3 Ijyb


Innate Abilities, Weirdness & Mutations

You are a venomous arachnid creature.
You have poisonous fangs.
You are tiny and dextrous.
Your spellcasting is less reliable in this form.
Your armour is entirely melded.
You are incapable of wielding weapons or throwing items.
((Your plain brown scales are hard. (AC +5)))
You cannot fit into any form of body armour.
((You are cold-blooded and may be slowed by cold attacks.))


Message History

The adder is heavily wounded.
The adder misses you.
An adder is nearby!
You barely miss the adder. You claw the adder, but do no damage.
You headbutt the adder, but do no damage.
The adder is heavily wounded.
The adder barely misses you.
You hit the adder. You headbutt the adder.
You kill the adder!
k - a scroll labelled RUMEIXTICW No target in view!
No target in view!
Your transformation is almost over.
Ijyb the Twisted Goblin comes into view.
She is wielding a +1 dagger of venom and carrying a wand of acid (7).
Ijyb shouts!
Ijyb is nearby!
Ijyb is nearby!
Ijyb is nearby!
Casting: Beastly Appendage (safe; 6% risk of failure)
Confirm with . or Enter, or press ? or * to list all spells.
The spell is extremely dangerous to cast (34% risk of failure)!
Continue anyway? [Y]es or [N]o only, please.
The spell is extremely dangerous to cast (34% risk of failure)!
Continue anyway?
Your horns disappear.
Your talons disappear.
You turn into a venomous arachnid creature.
You closely miss Ijyb.
Ijyb zaps a wand.
The bolt of acid misses you.
You hit Ijyb.
Ijyb is poisoned.
Ijyb is lightly wounded.
Your transformation is almost over.
Ijyb zaps a wand.
The bolt of acid misses you.
You barely miss Ijyb.
Ijyb is lightly wounded.
Ijyb barely misses you.
You hit Ijyb.
Ijyb looks as sick as possible!
Ijyb is moderately wounded.
Ijyb zaps a wand.
The bolt of acid hits you!!
Ouch! That really hurt!
* * * LOW HITPOINT WARNING * * *
You are splashed with acid!
You die...

####### #.....# ###.....#
.......# .###.....#
.......g.# #
###...s.###.#
#...........#
#.........####
##.#........# ...
....######.## #.. #.##
#..## #
#..##<#########..#.# #
##..............#.#.#####
#.##...
#.......#.#........


You could see Ijyb (extremely poisoned).

Vanquished Creatures
  2 adders
  A worm (D:2)
  A dart slug (D:1)
  2 endoplasms (D:2)
  A giant cockroach (D:2)
  6 goblins
  7 hobgoblins
  4 jackals (D:2)
  A quokka (D:1)
  3 ball pythons
  A bat (D:1)
  2 frilled lizards (D:2)
  5 kobolds
  4 rats
40 creatures vanquished.

Notes
Turn   | Place    | Note
-------+----------+-------------------------------------------
     0 | D:1      | kae the Draconian Transmuter began the quest for the Orb.
     0 | D:1      | Reached XP level 1. HP: 16/16 MP: 3/3
   281 | D:1      | Reached XP level 2. HP: 23/23 MP: 5/5
  1058 | D:2      | Reached XP level 3. HP: 25/28 MP: 6/6
  1079 | D:2      | Learned a level 3 spell: Spider Form
  1250 | D:2      | Found Jybiuss's Antique Armour Shop.
  1421 | D:2      | Found a faded altar of an unknown god.
  2240 | D:3      | Noticed Ijyb
  2248 | D:3      | Splashed by Ijyb's acid

Illustrated notes

Levels and vault maps discovered:
D:1:      dpeg_arrival_renting, layout_rooms, minmay_misc_feat_chi,
          minmay_pentomino_t2
D:2:      layout_basic, serial_shops, nicolae_shop_behind_doors,
          ebering_ecumenical_altar_box
D:3:      layout_rooms, nicolae_overflow_hidden_temple, amcnicky_altar_gilded,
          minmay_circle_x, uniq_ijyb, uniq_crazy_yiuf_cottage

Skill      XL: |  1  2  3 |
---------------+----------+-----
Dodging        | 2 |  2.1
Transmutations | 3 |  3.1
Fighting       | |  1.6
Unarmed Combat | |  3.4
Spellcasting   | |  2.3
Poison Magic   | |  0.3

Action                   || total
-------------------------++-------
Melee: Unarmed           ||   126
       Kick              ||    19
       Tailslap          ||     7
       Headbutt          ||    14
 Cast: Beastly Appendage ||    30
       Spider Form       ||     1
  Use: Scroll            ||     4
 Stab: Sleeping          ||     1
Armor: Skin              ||    41
Dodge: Dodged            ||    88

Table legend: (Time is in decaauts)
 A = Elapsed time spent in this place.
 B = Non-inter-level travel time spent in this place.
 C = Inter-level travel time spent in this place.
 D = Time resting spent in this place.
 E = Time spent auto-exploring this place.
 F = Levels seen in this place.
 G = Mean time per level.
                   A        B        C        D        E       F      G
               +--------+--------+--------+--------+--------+-----+--------+
         Total |   2239 |   2152 |     87 |      0 |   1855 |   3 |  746.3 |
       Dungeon |   2239 |   2152 |     87 |      0 |   1855 |   3 |  746.3 |
               +--------+--------+--------+--------+--------+-----+--------+

Top non-repeatable levels by time:
     D:2: 1071 daAuts
     D:1: 1012 daAuts
     D:3: 155 daAuts
